 Dungeon Crawl Stone Soup version 0.30-a0-371-gad7725a93e (webtiles) character file.

Game seed: 11815579437095030257

67169 sanka the Cruncher (level 14, -2/126 HPs)
             Began as a Demigod Reaver on Nov 20, 2022.
             Slain by a yaktaur captain (11 damage)
             ... on level 13 of the Dungeon.
             The game lasted 01:13:12 (26217 turns).

sanka the Cruncher (Demigod Reaver)                Turns: 26217, Time: 01:13:13

Health: -2/126     AC: 20    Str: 13    XL:     14   Next: 42%
Magic:  8/34       EV: 18    Int: 38    God:
Gold:   711        SH:  0    Dex: 16    Spells: 6/23 levels left

rFire   . . .      SeeInvis .    a - +6 lajatang (freeze)
rCold   . . .      Faith    .    (shield currently unavailable)
rNeg    . . .      Spirit   .    N - +3 troll leather armour {Snorg}
rPois   .          Reflect  .    S - +2 helmet
rElec   .          Harm     .    U - +1 cloak "Illompe" {Int+4}
rCorr   +          Rampage  .    w - +0 pair of gloves of the Past {rCorr Dex+4}
Will    +....                    Z - +2 pair of boots {Stlth+}
Stlth   ++........               b - amulet of magic regeneration
HPRegen 1.21/turn                W - +4 ring of protection
MPRegen 0.64/turn                h - ring "Xamuri" {Fly rCorr MP+9 Int+3}

@: flying
A: high MP 1, forlorn, divine attributes
a: no special abilities


You were on level 13 of the Dungeon.
You visited 3 branches of the dungeon, and saw 20 of its levels.
You also visited: Bailey and Gauntlet.

You collected 2490 gold pieces.
You spent 1779 gold pieces at shops.


Innate Abilities, Weirdness & Mutations

You have an increased reservoir of magic. (+10% MP)
You shall have no god before yourself.
Your divine heritage dramatically boosts your attributes as you level up.


   Skills:
 - Level 12.0 Fighting
 - Level 2.6(8.3) Maces & Flails
 + Level 12.2(12.4) Staves
 - Level 12.0 Dodging
 - Level 5.0 Spellcasting
 - Level 10.0 Conjurations
 - Level 2.0 Hexes
 - Level 4.1 Ice Magic
 - Level 2.0 Earth Magic
 - Level 7.0 Evocations


You had 6 spell levels left.
You knew the following spells:

 Your Spells              Type           Power      Damage    Failure   Level
u - Momentum Strike       Conj/Tloc      94%        3d10      1%          2
x - Stone Arrow           Conj/Erth      100%       3d13      1%          3
y - Kiss of Death         Conj/Necr      100%       2d13      1%          1
z - Searing Ray           Conj           100%       2d8       1%          2
X - Freezing Cloud        Conj/Ice/Air   22%        6-21      17%         5
Z - Fulminant Prism       Conj/Hex       26%        3d13      3%          4

Your spell library contained the following spells:

 Spells                   Type           Power      Damage    Failure   Level
 Magic Dart               Conj           100%       1d8       1%          1
 Hailstorm                Conj/Ice       59%        3d13      1%          3
 Ozocubu's Armour         Ice            41%        N/A       2%          3
 Apportation              Tloc           18%        N/A       4%          1
 Sting                    Tmut/Pois      36%        1d4       4%          1
 Passwall                 Tmut/Erth      14%        N/A       4%          2
 Poisonous Vapours        Pois/Air       18%        N/A       6%          2
 Wereblood                Tmut           9%         N/A       6%          2
 Gell's Gravitas          Tloc           9%         N/A       13%         3
 Lesser Beckoning         Tloc           18%        N/A       13%         3
 Teleport Other           Tloc           9%         N/A       13%         3
 Olgreb's Toxic Radiance  Pois           9%         N/A       38%         4
 Passage of Golubria      Tloc           9%         N/A       38%         4
 Borgnjor's Vile Clutch   Necr/Erth      8%         N/A       61%         5
 Alistair's Intoxication  Tmut/Pois      6%         N/A       75%         5
 Summon Forest            Summ/Tloc      4%         N/A       75%         5
 Simulacrum               Ice/Necr       12%        N/A       95%         6
 Dispersal                Tloc           4%         N/A       100%        6
 Eringya's Noxious Bog    Tmut/Pois      4%         N/A       100%        6
 Ozocubu's Refrigeration  Ice            20%        4d12      100%        7
 Ignition                 Fire           4%         3d4       100%        8
 Polar Vortex             Ice            20%        N/A       100%        9

Inventory:

Hand Weapons
 a - a +6 lajatang of freezing (weapon)
 u - the +11 spear "Cumuth" {venom, rElec Str+3}

   It poisons the flesh of those it strikes.
   Str:       It affects your strength (+3).
   rElec:     It insulates you from electricity.
 H - a +1 dagger of distortion
Missiles
 T - a curare-tipped dart {=f}
Armour
 d - the +3 hat of Pondering {ponderous, Will+ MP+10 Int+5}

   Int:       It affects your intelligence (+5).
   MP:        It affects your magic capacity (+10).
   Will:      It increases your willpower.
 w - the +0 pair of gloves of the Past (worn) {rCorr Dex+4}

   Dex:       It affects your dexterity (+4).
   rCorr:     It protects you from acid and corrosion.
 N - a +3 troll leather armour (worn) {Snorg}
 S - a +2 helmet (worn)
 U - the +1 cloak "Illompe" (worn) {Int+4}

   Int:       It affects your intelligence (+4).
 Z - a +2 pair of boots of stealth (worn)
Jewellery
 b - an amulet of magic regeneration (around neck)
 h - the ring "Xamuri" (right hand) {Fly rCorr MP+9 Int+3}

   [ring of flight]

   Int:       It affects your intelligence (+3).
   MP:        It affects your magic capacity (+9).
   Fly:       It grants you flight.
   rCorr:     It protects you from acid and corrosion.
 n - the ring of Gafrul {rF+ rC+ Int+3 SInv}

   [ring of protection from cold]

   Int:       It affects your intelligence (+3).
   rF:        It protects you from fire.
   rC:        It protects you from cold.
   SInv:      It lets you see invisible.
 q - a ring of protection from fire
 F - a ring of ice
 P - a ring of protection from cold
 W - a +4 ring of protection (left hand)
Wands
 i - a wand of mindburst (7)
 l - a wand of flame (15)
 G - a wand of paralysis (2)
 M - a wand of quicksilver (7)
Scrolls
 f - 3 scrolls of torment {!r}
 g - a scroll of fear
 k - 2 scrolls of immolation {!r}
 p - 4 scrolls of enchant armour
 r - 6 scrolls of butterflies
 s - a scroll of vulnerability {!r}
 t - 6 scrolls of amnesia
 v - 5 scrolls of magic mapping
 x - 9 scrolls of teleportation {@r4}
 A - a scroll of noise {!r}
 I - 3 scrolls of blinking
 Q - 2 scrolls of poison {!r}
 V - a scroll of acquirement
 X - a scroll of summoning
 Y - a scroll of silence {!r}
Potions
 c - 2 potions of cancellation
 e - 7 potions of brilliance
 o - 2 potions of might
 y - 5 potions of lignification {!q}
 z - 9 potions of heal wounds {@q2}
 B - 10 potions of curing {@q1}
 C - 3 potions of attraction {!q}
 D - 3 potions of degeneration {unknown}
 E - 2 potions of ambrosia {unknown}
 J - 2 potions of mutation {unknown}
 K - 4 potions of berserk rage {unknown}
 L - a potion of magic {unknown}
 O - 3 potions of haste {@q3}
 R - 3 potions of flight {unknown}

Dungeon Overview and Level Annotations

Branches:
Dungeon (13/15)            Temple (0/1) D:6            Lair (5/5) D:8
 Shoals (0/4) Lair:3        Snake (0/4) Lair:2        Slime (0/5) Lair:5
    Orc (2/2) D:10            Elf (0/3) Orc:2        Bailey (visited)
Gauntlet (visited)
 Vaults: D:13-14

Shops:
D:3 [   D:4 !(*[*   D:5 ((=   D:10 ([   Orc:2 [?:[(

Portals:
Hell: Lair:5
Trove: D:10 (give 12 potions of heal wounds)

Annotations:
D:3 1 runed translucent door
D:10 3 runed translucent doors, exclusion: ice statue, MCDelver's ghost, journeyman BaHu
D:11 4 transporters
Lair:3 3 runed translucent doors, NoAnimeNoLife's ghost, journeyman DrCj

▒▒▒▒▒▒▒+▒▒ .
▒c.......▒ ..)
▒........▒ ..c.▒
▒........▒
...ccz▒▒▒).......▒
▒c)))........▒
▒▒▒▒▒)c......▒
▒p....c..▒
▒........▒
▒▒▒▒▒▒'▒▒▒ ▒▒▒▒..▒
▒▒....▒▒ ▒..▒▒▒▒
▒▒.▒▒▒▒▒▒
▒.......▒
▒▒▒+▒▒▒▒▒
▒.......▒


You could see a yaktaur captain and 2 centaurs.


Message History

You hit the yaktaur captain but do no damage.
The yaktaur captain is moderately wounded.
The centaur shoots an arrow.
The arrow misses you. The yaktaur captain hits you!
* * * LOW HITPOINT WARNING * * *
The centaur barely misses you. The centaur misses you.
The centaur shoots an arrow.
The arrow hits you but does no damage.
Okay, then.
As you read the scroll of fear, it crumbles to dust.
You assume a fearsome visage.
The yaktaur captain resists with some effort.
The centaur looks frightened!
The centaur looks frightened!
The yaktaur captain hits you.
* * * LOW HITPOINT WARNING * * *
Unknown command.
Unknown command.
Unknown command.
The stone arrow hits the yaktaur captain!
The yaktaur captain is moderately wounded.
The yaktaur captain hits you but does no damage.
Unknown command.
Aiming: Paralyse
Aim: a yaktaur captain (moderately wounded, chance to affect: 31%)
The yaktaur captain easily resists.
The yaktaur captain hits you!
You die...

Action                   |  1- 3 |  4- 6 |  7- 9 | 10-12 | 13-15 || total
-------------------------+-------+-------+-------+-------+-------++-------
Melee: Dagger            |   137 |    14 |       |       |       ||   151
       Mace              |     9 |       |       |       |       ||     9
       Punch             |     1 |       |     1 |    10 |       ||    12
       Spear             |       |    86 |   135 |   765 |       ||   986
       Lajatang          |       |       |       |    43 |   390 ||   433
 Cast: Momentum Strike   |     4 |     6 |     7 |    34 |       ||    51
       Searing Ray       |       |     3 |     4 |    33 |     3 ||    43
       Kiss of Death     |       |       |     2 |       |       ||     2
       Fulminant Prism   |       |       |       |    21 |     3 ||    24
       Stone Arrow       |       |       |       |    43 |   390 ||   433
       Freezing Cloud    |       |       |       |       |     2 ||     2
Evoke: Wand              |       |       |     2 |    20 |     5 ||    27
  Use: Scroll            |       |     5 |     3 |    10 |    16 ||    34
       Potion            |       |       |     2 |       |     1 ||     3
 Stab: Sleeping          |     1 |     2 |     1 |     1 |       ||     5
       Paralysed         |       |       |     4 |    21 |       ||    25
       Distracted        |       |       |       |     1 |       ||     1
Armor: Leather armour    |    28 |       |       |       |       ||    28
       Robe              |    11 |    14 |    25 |     9 |       ||    59
       Steam dragon scal |       |       |       |   102 |       ||   102
       Skin              |       |       |       |     1 |       ||     1
       Troll leather arm |       |       |       |   203 |   287 ||   490
Dodge: Dodged            |    79 |    45 |    57 |   884 |   611 ||  1676

Levels and vault maps discovered:
D:1:      dpeg_arrival_tiny_c, layout_basic,
          shapermc_ecumenical_altar_mp_vishouse
D:2:      layout_loops_ring
D:3:      layout_loops_cross, nicolae_ru_sacrificial_ziggurat,
          mainiacjoe_overflow_paths, dk_yredelemnul_ordeal, serial_shops,
          shop_fountains, minmay_cupped
D:4:      layout_rooms, mainiacjoe_overflow_tiny_flanked,
          nicolae_overflow_hidden_temple, serial_shops,
          nicolae_shop_hallway_plus, shop_statue, nicolae_stop_n_shop_2,
          nicolae_stop_n_shop_1, shop, serial_park_tiny_1
D:5:      layout_loops_corners, serial_shops, shop, nicolae_shop_crystal, shop
D:6:      layout_basic, minmay_temple_entry_waves
D:7:      layout_layer_cave, enter_bailey_3, uniq_menkaure,
          uniq_crazy_yiuf_cottage
D:8:      minmay_flawed_box, layout_loops_ring, marbit_many_paths,
          dpeg_oklobed_lair, eino_jars
D:9:      layout_gridville, mainiacjoe_overflow_small_starburst,
          kennysheep_mini_moat, mainiacjoe_overflow_brackets, uniq_joseph
D:10:     minmay_twisted_water, layout_basic, orc_david_3, enter_trove_5,
          gammafunk_ghost_ooze
D:11:     minmay_evil_eye, layout_stronghold, minmay_misc_feat_alley,
          eino_curves_01, chequers_serial_rivers_micro_b,
          nicolae_transporter_intersection, uniq_snorg, uniq_psyche
D:12:     layout_loops_ring, gauntlet_entry_generic
D:13:     layout_roguey, david_vaults_2
Lair:1:   layout_chaotic_city
Lair:2:   layout_layer_cave, minmay_snake_entry_guardpost_small,
          patterned_corridor, lemuel_fruit_tree, serial_bayou_shore_a,
          uniq_prince_ribbit2
Lair:3:   layout_layer_cave, elwin_shoals_entry_stream, gammafunk_ghost_split,
          nzn_random_ring
Lair:4:   layout_regular_city, hangedman_tree_tricks, grunt_megastairs_1
Lair:5:   evil_forest, layout_gridlike, dpeg_slime_entry_enclosed,
          serial_rivers, chequers_serial_rivers_micro_b,
          chequers_serial_rivers_marsh, chequers_serial_rivers_micro_a,
          chequers_serial_rivers_small_b, chequers_serial_rivers_room_a,
          infiniplex_staircase_pool_2
Orc:1:    layout_caves, basic_altar, lightli_orcish_oven
Orc:2:    grunt_orc_community_town_hall, layout_caves,
          grunt_orc_community_big_house_1, grunt_orc_community_big_house_1,
          grunt_orc_community_house_3, grunt_orc_community_house_1,
          grunt_orc_community_house_1, grunt_orc_community_house_2,
          grunt_orc_community_house_2, grunt_orc_community_house_3,
          serial_shops, shop, guppyfry_library_mini

Notes
Turn   | Place    | Note
-------+----------+-------------------------------------------
     0 | D:1      | sanka the Demigod Reaver began the quest for the Orb.
     0 | D:1      | Reached XP level 1. HP: 17/17 MP: 5/5
   248 | D:1      | Reached skill level 2 in Spellcasting
   297 | D:1      | Reached skill level 3 in Conjurations
   399 | D:1      | Reached XP level 2. HP: 18/24 MP: 7/7
   449 | D:1      | Learned a level 2 spell: Momentum Strike
  1508 | D:2      | Reached XP level 3. HP: 25/29 MP: 8/8
  1830 | D:3      | Found Cicwe's Antique Armour Boutique.
  1878 | D:3      | Reached skill level 4 in Conjurations
  2218 | D:3      | Reached XP level 4. HP: 25/36 MP: 9/9
  2340 | D:3      | Found a runed translucent door.
  2340 | D:3      | Noticed a human
  2351 | D:3      | Learned a level 2 spell: Searing Ray
  2556 | D:3      | Identified the +11 spear "Cumuth" {venom, rElec Str+3}
  2657 | D:4      | Found Effaug's Weapon Shoppe.
  2685 | D:4      | Found Ephiebly's Armour Shop.
  2722 | D:4      | Reached skill level 5 in Conjurations
  2733 | D:4      | Found Ylotat's General Store.
  2823 | D:4      | Noticed a phantom
  2835 | D:4      | Killed a phantom
  2836 | D:4      | Reached XP level 5. HP: 22/41 MP: 10/10
  2940 | D:4      | Noticed a black bear
  2946 | D:4      | Reached skill level 6 in Conjurations
  2950 | D:4      | Killed a black bear
  2951 | D:4      | Reached XP level 6. HP: 11/48 MP: 8/11
  3230 | D:4      | Found Boud's Assorted Antiques.
  3285 | D:4      | Found Ethreapre's Distillery.
  3446 | D:5      | Entered Level 5 of the Dungeon
  3494 | D:5      | Noticed a water moccasin
  3497 | D:5      | Killed a water moccasin
  3614 | D:5      | Reached skill level 7 in Conjurations
  3708 | D:5      | Found Dahainu's Jewellery Boutique.
  3831 | D:5      | Found Biytyze's Antique Weapon Shoppe.
  4149 | D:5      | Found Noko Ucihy's Weapon Boutique.
  4583 | D:6      | Reached XP level 7. HP: 44/53 MP: 13/13
  4761 | D:6      | Found a staircase to the Ecumenical Temple.
  4788 | D:6      | Reached skill level 8 in Conjurations
  4896 | D:6      | Reached skill level 2 in Fighting
  4896 | D:6      | Reached skill level 2 in Dodging
  5705 | D:6      | Reached skill level 3 in Fighting
  5705 | D:6      | Reached skill level 3 in Dodging
  5941 | D:7      | HP: 2/48 [orc warrior/+4 flail (11)]
  6098 | D:7      | Identified the +0 pair of gloves of the Past {rCorr Dex+4}
  6165 | D:7      | Reached XP level 8. HP: 29/57 MP: 14/14
  6178 | D:7      | Found a flagged portal.
  6269 | Bailey   | Entered a bailey
  6292 | Bailey   | Noticed an orc warlord
  6293 | Bailey   | Found the +10 Black Knight's barding {ponderous, rPois rN+}
  6335 | Bailey   | Reached skill level 1 in Evocations
  6349 | Bailey   | Reached skill level 2 in Evocations
  6554 | Bailey   | Found a runed translucent gate.
  6554 | Bailey   | Found a runed translucent gate.
  6554 | Bailey   | Found a runed translucent gate.
  6569 | Bailey   | Reached skill level 3 in Evocations
  6762 | Bailey   | Killed an orc warlord
  6763 | Bailey   | Reached skill level 6 in Evocations
  6832 | Bailey   | Reached skill level 10 in Dodging
  6832 | Bailey   | Reached XP level 9. HP: 71/71 MP: 15/15
  7183 | D:7      | Noticed Menkaure
  7231 | D:7      | Killed Menkaure
  7232 | D:7      | Reached skill level 4 in Fighting
  7634 | D:7      | Reached XP level 10. HP: 78/78 MP: 16/16
  7840 | D:7      | Found a runed translucent door.
  7841 | D:7      | Noticed Crazy Yiuf
  8010 | D:7      | Reached skill level 11 in Dodging
  8161 | D:7      | Killed Crazy Yiuf
  8177 | D:7      | Learned a level 4 spell: Fulminant Prism
  8295 | D:8      | Noticed a two-headed ogre
  8306 | D:8      | Killed a two-headed ogre
  8716 | D:8      | Identified +0 steam dragon scales
  8961 | D:8      | Found a staircase to the Lair.
  9518 | D:8      | Reached skill level 5 in Fighting
  9518 | D:8      | Reached skill level 7 in Evocations
 10196 | D:3      | Bought a smoking robe for 153 gold pieces
 10196 | D:3      | Identified the +1 robe "Wuzaac" {Stlth+} (You bought it in
                  | a shop on level 3 of the Dungeon)
 10196 | D:3      | Bought a runed helmet for 202 gold pieces
 10689 | D:9      | Reached skill level 6 in Fighting
 10908 | D:9      | Noticed Joseph
 11043 | D:9      | Reached XP level 11. HP: 91/91 MP: 17/17
 11186 | D:9      | Killed Joseph
 11187 | D:9      | Reached skill level 12 in Dodging
 11454 | D:10     | Entered Level 10 of the Dungeon
 11559 | D:10     | Noticed a two-headed ogre
 11591 | D:10     | Killed a two-headed ogre
 11592 | D:10     | Reached skill level 7 in Fighting
 11709 | D:10     | Found Haehif's Armour Shop.
 11801 | D:10     | Found a staircase to the Orcish Mines.
 11805 | D:10     | Found Ciuha's Weapon Shop.
 12043 | D:10     | Identified the +1 cloak "Illompe" {Int+4}
 12110 | D:10     | Found a runed translucent gate.
 12110 | D:10     | Found a runed translucent gate.
 12110 | D:10     | Found a runed translucent gate.
 12113 | D:10     | Noticed MCDelver's ghost (journeyman BaHu)
 12157 | D:10     | Reached skill level 8 in Fighting
 12950 | D:10     | Noticed a vault guard
 12964 | D:10     | Killed a vault guard
 12965 | D:10     | Reached skill level 9 in Fighting
 12969 | D:10     | Found a portal to a secret trove of treasure.
 13189 | D:4      | Bought 2 potions of heal wounds for 120 gold pieces
 13450 | D:11     | Noticed Snorg
 13467 | D:11     | Killed Snorg
 13681 | D:11     | Noticed Psyche
 13772 | D:11     | Killed Psyche
 14003 | D:11     | Found a transporter.
 14007 | D:11     | Reached skill level 10 in Fighting
 14009 | D:11     | Noticed a two-headed ogre
 14027 | D:11     | Killed a two-headed ogre
 14045 | D:11     | Found a transporter.
 14289 | D:11     | Noticed a skeletal warrior
 14289 | D:11     | Noticed a skeletal warrior
 14289 | D:11     | Noticed a skeletal warrior
 14289 | D:11     | Noticed a skeletal warrior
 14410 | D:11     | Found a transporter.
 14631 | D:11     | Found a transporter.
 14681 | D:11     | Noticed a boulder beetle
 14701 | D:11     | Killed a boulder beetle
 14910 | Lair:1   | Entered Level 1 of the Lair of Beasts
 15175 | Lair:1   | Reached skill level 11 in Fighting
 15692 | Lair:2   | Found a staircase to the Snake Pit.
 15851 | Lair:2   | Noticed Prince Ribbit
 15912 | Lair:1   | Killed Prince Ribbit
 15923 | Lair:2   | Reached XP level 12. HP: 110/110 MP: 18/18
 16545 | Lair:2   | Reached skill level 12 in Fighting
 17131 | Lair:2   | Reached skill level 1 in Hexes
 17206 | Lair:3   | Reached skill level 2 in Hexes
 17223 | Lair:2   | Reached skill level 3 in Spellcasting
 17386 | Lair:3   | Found a runed translucent gate.
 17386 | Lair:3   | Found a runed translucent gate.
 17386 | Lair:3   | Found a runed translucent gate.
 17387 | Lair:3   | Noticed NoAnimeNoLife's ghost (journeyman DrCj)
 17694 | Lair:3   | Noticed a four-headed hydra
 17701 | Lair:3   | Killed a four-headed hydra
 17702 | Lair:3   | Reached skill level 9 in Conjurations
 17735 | Lair:3   | Reached skill level 4 in Spellcasting
 17798 | Lair:3   | Noticed a six-headed hydra
 17807 | Lair:3   | Killed a six-headed hydra
 17853 | Lair:3   | Noticed a six-headed hydra
 17858 | Lair:3   | Killed a six-headed hydra
 17931 | Lair:3   | Got the Almanac of Geological Permutations
 17936 | Lair:3   | Learned a level 3 spell: Stone Arrow
 18068 | Lair:3   | Found a staircase to the Shoals.
 18104 | Lair:3   | Reached skill level 1 in Earth Magic
 18344 | Lair:4   | Reached skill level 10 in Conjurations
 18344 | Lair:4   | Reached skill level 2 in Earth Magic
 18488 | Lair:4   | Reached skill level 5 in Spellcasting
 18521 | Lair:4   | Reached skill level 1 in Staves
 18746 | Lair:4   | Reached skill level 2 in Staves
 18759 | Lair:4   | Reached XP level 13. HP: 101/118 MP: 24/24
 18908 | Lair:4   | Reached skill level 3 in Staves
 19118 | Lair:4   | Reached skill level 4 in Staves
 19493 | Lair:5   | Entered Level 5 of the Lair of Beasts
 19581 | Lair:5   | Reached skill level 5 in Staves
 19722 | Lair:5   | Reached skill level 6 in Staves
 19733 | Lair:5   | Noticed a dire elephant
 20123 | Lair:5   | Identified a scroll of acquirement
 20178 | Lair:5   | Reached skill level 7 in Staves
 20302 | Lair:5   | Killed a dire elephant
 20373 | Lair:5   | Found a staircase to the Slime Pits.
 20645 | Lair:5   | Reached skill level 8 in Staves
 20871 | Lair:5   | Found a gateway to Hell.
 21130 | Orc:1    | Entered Level 1 of the Orcish Mines
 21196 | D:10     | Reached skill level 9 in Staves
 21827 | Orc:2    | Entered Level 2 of the Orcish Mines
 21882 | Orc:2    | Found Ovaava's Armour Shoppe.
 22372 | Orc:2    | Noticed an orc warlord
 22399 | Orc:2    | Killed an orc warlord
 22400 | Orc:2    | Reached skill level 10 in Staves
 22619 | Orc:2    | Found Ybayhiplyg's Antique Weapon Boutique.
 22621 | Orc:2    | Found Lirreps's Antique Armour Shop.
 22680 | Orc:2    | Found Wiheusel's Book Shop.
 22808 | Orc:2    | Found a staircase to the Elven Halls.
 23167 | Orc:2    | Found Unewuac's Magic Scroll Boutique.
 23284 | D:10     | Bought a +2 pair of boots of stealth for 322 gold pieces
 23404 | Orc:2    | Bought a book of Ice for 460 gold pieces
 23404 | Orc:2    | Bought Ozocubu's Autobiography for 240 gold pieces
 23509 | D:12     | Reached XP level 14. HP: 107/126 MP: 19/25
 23598 | D:12     | Identified +0 acid dragon scales
 23698 | D:12     | Found a gate leading to a gauntlet.
 23743 | Gauntlet | Entered a Gauntlet
 23743 | Gauntlet | Found a transporter.
 23743 | Gauntlet | Found a transporter.
 23743 | Gauntlet | Found a transporter.
 23743 | Gauntlet | Found a transporter.
 23764 | Gauntlet | Found a transporter.
 23764 | Gauntlet | Found the +3 hat of Pondering {ponderous, Will+ MP+10
                  | Int+5}
 23784 | Gauntlet | Found a transporter.
 23795 | Gauntlet | Found a transporter.
 23801 | Gauntlet | Found a transporter.
 23809 | Gauntlet | Found a transporter.
 23827 | Gauntlet | Found a transporter.
 23835 | Gauntlet | Found a transporter.
 23852 | Gauntlet | Found a transporter.
 23999 | Gauntlet | Reached skill level 11 in Staves
 24090 | Gauntlet | Learned a level 5 spell: Freezing Cloud
 24127 | Gauntlet | Reached skill level 1 in Ice Magic
 24142 | Gauntlet | Reached skill level 2 in Ice Magic
 24196 | Gauntlet | Identified the ring "Xamuri" {Fly rCorr MP+9 Int+3}
 24202 | Gauntlet | Identified the +9 short sword "Imoqodeg" {spect, *Corrode
                  | rC+ Dex+2}
 24260 | Gauntlet | Identified +0 gold dragon scales
 24260 | Gauntlet | Identified the ring of Gafrul {rF+ rC+ Int+3 SInv}
 24344 | Gauntlet | Identified quicksilver dragon scales
 24347 | Gauntlet | Identified the +8 dagger of the Vestibule of Hell {venom,
                  | Fragile rF+++}
 24348 | Gauntlet | Got Jabuorph's Compilation of Elsewhere
 24384 | D:11     | Reached skill level 3 in Ice Magic
 24490 | D:12     | Reached skill level 4 in Ice Magic
 24527 | D:12     | Identified +0 acid dragon scales
 25641 | D:4      | Bought a potion of haste for 100 gold pieces
 25836 | Orc:2    | Bought a spiked leather armour for 182 gold pieces
 25836 | Orc:2    | Identified the +2 leather armour of Lugonu's Supremacy
                  | {Rampage rPois Will-} (You bought it in a shop on level 2
                  | of the Orcish Mines)
 26183 | D:13     | Reached skill level 12 in Staves
 26214 | D:13     | HP: 9/126 [yaktaur captain (11)]
 26217 | D:13     | Slain by a yaktaur captain

Vanquished Creatures
  2 orc warlords
  A minotaur (Gauntlet)
  A dire elephant (Lair:5)
  Snorg (D:11)
  A vault guard (D:10)
  5 hydras
  A catoblepas (Gauntlet)
  A centaur warrior (D:13)
  3 two-headed ogres
  A boulder beetle (D:11)
  2 thrashing horrors (Gauntlet)
  2 orc high priests (Orc:2)
  11 skeletal warriors
  A sixfirhy (Lair:5)
  A wizard (Lair:5)
  2 orc knights
  2 orc sorcerers (Orc:2)
  2 oklob plants (Lair:4)
  An ugly thing (D:12)
  A manticore (D:12)
  15 elephants
  4 black mambas
  2 merfolk sirens (Lair:3)
  2 molten gargoyles (Gauntlet)
  2 gargoyles
  2 orange demons (Lair:5)
  Joseph (D:9)
  12 cane toads
  A smoke demon (Lair:5)
  5 rime drakes
  8 komodo dragons
  Psyche (D:11)
  An unseen horror (D:11)
  2 ice devils (Lair:5)
  3 polar bears
  A hornet (D:8)
  A red devil (Lair:5)
  3 trolls
  2 merfolk (Lair:3)
  4 slime creatures (D:12)
  Prince Ribbit (Lair:1)
  2 dream sheep (Lair:5)
  4 blink frogs
  32 yaks
  2 wyverns
  A vampire (D:11)
  A steam dragon (D:8)
  2 wraiths
  2 basilisks
  Menkaure (D:7)
  5 vampire mosquitoes
  4 wargs
  2 acid dragons (D:12)
  4 nagas (Lair:2)
  5 hell hounds (Lair:5)
  7 water moccasins
  40 orc warriors
  18 ice beasts
  3 sky beasts (D:7)
  2 black bears
  9 wolves
  4 ogres
  5 boggarts (D:11)
  8 centaurs
  A phantom (D:4)
  A kobold brigand (D:9)
  4 small abominations (Gauntlet)
  13 bullfrogs
  A gnoll sergeant (D:10)
  2 scorpions
  2 necrophages
  11 wights
  16 killer bees
  3 howler monkeys
  8 electric eels
  2 hounds
  16 orc priests
  A gnoll bouda (D:7)
  Crazy Yiuf (D:7)
  A hell rat (Lair:5)
  60 orc wizards
  10 adders
  13 gnolls
  2 shadow imps
  A white imp (D:8)
  An ufetubus (D:3)
  A worm (D:4)
  2 dart slugs (D:3)
  122 orcs
  8 ball pythons
  3 endoplasms
  4 giant cockroaches
  19 goblins
  8 hobgoblins
  A quokka (D:1)
  3 bats (D:1)
  2 frilled lizards (D:1)
  21 kobolds
  A rat (D:1)
643 creatures vanquished.

Vanquished Creatures (others)
  A two-headed ogre (D:11)
  A black bear (D:4)
  A scorpion (D:4)
  A wight (D:9)
  An orc wizard (D:2)
  An iguana (D:7)
  An orc (D:6)
  A kobold (D:2)
  A demonic plant (Gauntlet)
  24 fulminant prisms
  32 fungi
  35 plants
100 creatures vanquished.

Grand Total: 743 creatures vanquished
